Map: Coda EC

Players

HeLeX - Winner!

  • Race: Zerg Zerg
  • League: Grandmaster

AgCl

  • Race: Protoss Protoss
  • League: Grandmaster

VOD

Have the link to the VOD?

Description

Time

  • Played on: May 29, 2015, 11:50 p.m.
  • Length: 14:46
Show
View Real Time Build Order
Export as new Build Order

HeLeX Zerg - Winner!

Build Orders: Hatch First, Lurkers 

Get SALT Encoding   

  12  0:01  Drone  
  13  0:18  Overlord  
  13  0:20  Drone  
  14  0:36  Drone x2  
  16  0:43  Drone  
  17  0:56  Drone  
  18  1:01  Hatchery  
  17  1:05  Drone  
  18  1:16  Spawning Pool  
  17  1:21  Drone, Extractor  
  17  1:31  Drone  
  18  1:42  Drone  
  18  1:46  Overlord  
  19  1:47  Extractor  
  18  1:56  Drone  
  19  2:03  Queen  
  21  2:08  Drone  
  21  2:14  Queen  
  24  2:15  Drone  
  24  2:19  Drone  
  26  2:29  Drone x2  
  28  2:36  Roach Warren  
  27  2:39  Overlord  
  27  2:49  Lair  
  27  2:58  Queen  
  29  3:06  Drone x2  
  29  3:11  Drone x2  
  33  3:21  Evolution Chamber  
  33  3:23  Evolution Chamber  
  33  3:26  Drone  
  32  3:30  Drone x2  
  34  3:38  Extractor  
  33  3:45  Drone x4  
  33  3:46  Drone  
  38  3:58  Spore Crawler  
  35  4:08  Zerg Missile Weapons Level 1  
  35  4:12  Spore Crawler  
  34  4:18  Zerg Ground Armor Level 1  
  34  4:19  Glial Reconstitution  
  34  4:22  Drone x2  
  34  4:23  Drone x4  
  41  4:38  Drone x2, Overlord x2  
  42  4:58  Roach  
  42  4:59  Roach x7  
  58  5:05  Overlord x2  
  58  5:14  Overlord  
  58  5:15  Overlord  
  58  5:23  Overseer  
  58  5:26  Roach x2  
  58  5:27  Roach x3  
  68  5:40  Roach x5  
  72  5:58  Hydralisk Den  
  61  6:21  Hatchery  
  60  6:26  Drone x7, Extractor  
  60  6:27  Drone x3  
  59  6:34  Muscular Augments  
  59  6:38  Hydralisk x5  
  59  6:39  Hydralisk  
  67  6:54  Overseer  
  67  6:55  Overlord x2  
  67  7:13  Queen  
  67  7:15  Hydralisk x3  
  69  7:16  Hydralisk x2  
  79  7:32  Overlord x3  
  79  7:36  Drone  
  83  7:37  Drone x10  
  86  8:01  Queen  
  86  8:04  Overseer  
  80  8:09  Hydralisk x4, Roach x4  
  80  8:10  Hydralisk  
  96  8:13  Drone x4  
  96  8:14  Drone x2  
  96  8:16  Lurker Den  
  102  8:30  Spore Crawler  
  102  8:32  Spore Crawler, Zerg Missile Weapons Level 2  
  100  8:36  Drone x3, Extractor  
  100  8:37  Overlord x2, Drone, Extractor  
  100  8:39  Overseer  
  102  8:42  Pneumatized Carapace  
  102  8:46  Drone  
  102  8:47  Drone x2  
  105  9:03  Roach  
  105  9:04  Roach x4  
  115  9:17  Overlord x2  
  115  9:19  Zerg Ground Armor Level 2  
  115  9:21  Infestation Pit  
  114  9:27  Overlord x2, Roach x4  
  114  9:28  Overlord  
  114  9:30  Hatchery  
  121  9:33  Ravager  
  122  9:57  Lurker  
  122  9:58  Lurker x3  
  122  9:59  Extractor  
  125  10:03  Extractor  
  124  10:08  Ravager x2  
  124  10:09  Ravager x2  
  128  10:19  Spire  
  127  10:26  Drone x3  
  127  10:27  Drone x10  
  140  10:35  Ventral Sacs  
  140  10:56  Hive  
  140  11:07  Overlord  
  140  11:08  Overlord x4  
  140  11:19  Lurker  
  140  11:20  Lurker x2  
  140  11:21  Overlord  
  140  11:22  Overlord x2  
  143  11:29  Hydralisk x6  
  143  11:30  Hydralisk x4  
  163  11:43  Corruptor x2  
  163  11:44  Corruptor  
  169  12:04  Hydralisk, Roach x2  
  169  12:05  Hydralisk x6, Roach x3  
  177  12:31  Roach  
  174  12:54  Zergling x2  
  174  12:55  Zergling x6  
  176  13:00  Overlord x3, Zergling x8  
  176  13:01  Overlord  
  170  13:16  Zergling x10  
  170  13:19  Overlord x2  
  173  13:20  Overlord  
  173  13:21  Metabolic Boost  
  171  13:27  Corruptor x4  
  171  13:28  Corruptor x10  
  196  13:45  Overseer x2  
  190  13:56  Lurker x3, Hydralisk x2  
Show
View Real Time Build Order
Export as new Build Order

AgCl Protoss 

Build Orders: Oracle Opening, Oracle Opening 

Get SALT Encoding   

  12  0:13  Pylon  
  12  0:34  Probe  
  13  0:37  Gateway  
  13  0:46  Probe  
  13  0:48  Assimilator  
  14  0:58  Probe  
  15  1:10  Probe  
  16  1:22  Probe (Chrono Boost), Pylon  
  17  1:32  Cybernetics Core  
  17  1:34  Probe (Chrono Boost)  
  18  1:42  Probe (Chrono Boost)  
  19  1:51  Probe (Chrono Boost)  
  20  1:58  Assimilator  
  21  2:03  Probe (Chrono Boost)  
  21  2:09  Probe (Chrono Boost)  
  21  2:13  Stargate  
  22  2:20  Probe (Chrono Boost)  
  23  2:27  Probe (Chrono Boost)  
  24  2:33  Nexus  
  24  2:37  Probe (Chrono Boost)  
  25  2:49  Probe (Chrono Boost)  
  26  2:52  Warp Gate  
  26  2:55  Probe (Chrono Boost)  
  26  2:56  Oracle (Chrono Boost)  
  30  3:09  Pylon  
  30  3:21  Gateway  
  30  3:27  Mothership Core (Chrono Boost)  
  32  3:39  Assimilator  
  32  3:42  Probe (Chrono Boost)  
  33  3:53  Probe x2  
  35  3:56  Void Ray (Chrono Boost)  
  39  4:05  Probe x2  
  41  4:15  Assimilator  
  41  4:17  Probe (Chrono Boost)  
  41  4:18  Probe (Chrono Boost)  
  43  4:26  Twilight Council  
  43  4:29  Probe (Chrono Boost)  
  45  4:35  Probe (Chrono Boost)  
  45  4:38  Probe (Chrono Boost)  
  46  4:42  Probe  
  47  4:49  Probe  
  48  4:54  Probe  
  48  4:59  Nexus  
  49  5:01  Probe, Pylon  
  49  5:06  Probe  
  51  5:13  Probe  
  52  5:19  Probe  
  53  5:21  Void Ray (Chrono Boost)  
  53  5:24  Dark Shrine, Charge (Chrono Boost)  
  53  5:25  Probe (Chrono Boost)  
  58  5:28  Protoss Air Weapons Level 1  
  58  5:32  Probe (Chrono Boost)  
  59  5:38  Forge  
  60  5:43  Probe (Chrono Boost), Pylon  
  60  5:55  Pylon  
  60  6:01  Probe  
  60  6:02  Probe  
  62  6:07  Stalker  
  63  6:12  Void Ray (Chrono Boost)  
  63  6:13  Protoss Ground Weapons Level 1 (Chrono Boost)  
  63  6:14  Probe x3  
  63  6:16  Stalker  
  72  6:26  Probe  
  73  6:36  Nexus  
  73  6:38  Assimilator  
  73  6:41  Stalker  
  73  6:42  Assimilator  
  75  6:49  Gateway  
  75  6:57  Gateway  
  75  7:00  Pylon x2  
  75  7:01  Gateway  
  75  7:03  Gateway  
  75  7:17  Pylon, Blink (Chrono Boost)  
  75  7:22  Gateway  
  75  7:24  Gateway  
  75  7:26  Gateway  
  75  7:31  Pylon  
  75  7:40  Photon Cannon  
  75  7:42  Pylon  
  75  7:43  Probe (Chrono Boost)  
  77  7:48  Probe (Chrono Boost)  
  71  7:53  Probe (Chrono Boost), Dark Templar x2  
  71  7:57  Probe (Chrono Boost)  
  59  8:12  Probe (Chrono Boost), Dark Templar  
  61  8:13  Probe (Chrono Boost), Dark Templar x3  
  65  8:28  Probe (Chrono Boost)  
  65  8:29  Probe (Chrono Boost)  
  65  8:32  Probe (Chrono Boost)  
  68  8:38  Protoss Ground Weapons Level 2 (Chrono Boost)  
  68  8:40  Probe x2 (Chrono Boost), Protoss Air Armor Level 1 (Chrono Boost)  
  71  8:43  Templar Archives  
  71  8:45  Probe (Chrono Boost)  
  71  8:48  Probe x2 (Chrono Boost), Zealot x2  
  73  8:49  Zealot x2  
  73  8:51  Archon x2  
  73  8:54  Stalker x2  
  86  8:57  Probe (Chrono Boost), Dark Templar  
  86  8:58  Probe (Chrono Boost)  
  86  9:02  Probe (Chrono Boost)  
  78  9:03  Zealot x2  
  78  9:07  Probe (Chrono Boost)  
  85  9:11  Probe (Chrono Boost)  
  85  9:12  Zealot  
  85  9:13  Zealot  
  85  9:15  Probe (Chrono Boost), Psionic Storm  
  89  9:17  Stalker  
  93  9:25  Probe (Chrono Boost)  
  93  9:26  High Templar  
  93  9:27  Probe (Chrono Boost)  
  93  9:29  Dark Templar  
  93  9:31  High Templar  
  99  9:33  Archon  
  99  9:37  High Templar x2  
  103  9:44  Pylon  
  103  9:52  Fleet Beacon  
  103  10:07  Pylon x2  
  103  10:15  Pylon  
  103  10:17  Phoenix (Chrono Boost)  
  103  10:20  Nexus  
  105  10:34  Void Ray (Chrono Boost)  
  109  10:50  Carrier (Chrono Boost)  
  107  11:01  High Templar x2  
  107  11:02  Zealot x4  
  107  11:03  Zealot  
  107  11:04  Zealot  
  122  11:16  Protoss Ground Weapons Level 3 (Chrono Boost)  
  128  11:23  Stargate  
  128  11:24  Stargate  
  128  11:27  Pylon  
  128  11:41  Robotics Facility  
  128  11:43  Assimilator  
  128  11:44  Assimilator  
  128  11:45  Pylon  
  128  11:46  Pylon  
  129  11:49  Carrier x2 (Chrono Boost)  
  129  11:51  Mothership Core (Chrono Boost)  
  129  11:53  Probe x3 (Chrono Boost)  
  133  12:00  Pylon, Carrier (Chrono Boost)  
  147  12:33  Protoss Air Weapons Level 2 (Chrono Boost)  
  131  12:46  Pylon  
  131  12:47  Forge  
  131  12:51  Gateway  
  118  13:00  Observer (Chrono Boost)  
  98  13:10  Carrier (Chrono Boost)  
  98  13:11  Carrier x2 (Chrono Boost)  
  73  13:14  Observer (Chrono Boost)  
  52  13:47  Graviton Catapult (Chrono Boost)  
  52  14:35  Nexus, Assimilator  
  52  14:36  Pylon  
Tags
 
Add a new tag
Caveats
  • Supply blocks, unpowered buildings, or Contaminate may cause inaccurate times.
  • Supply counts are checked every 10 seconds.